 Dungeon Crawl Stone Soup version 0.29-a0-364-g921d912d32 (webtiles) character file.

Game seed: 9458184879854624721

134 oldriver the Skirmisher (level 4, -5/40 HPs)
             Began as a Palentonga Abyssal Knight on Apr 30, 2022.
             Was a Priest of Lugonu.
             Slain by Menkaure (20 damage)
             ... on level 5 of the Dungeon.
             The game lasted 00:03:12 (2782 turns).

oldriver the Skirmisher (Palentonga Abyssal Knight) Turns: 2782, Time: 00:03:13

Health: -5/40      AC:  9    Str: 18    XL:     4   Next: 95%
Magic:  5/5        EV:  9    Int: 10    God:    Lugonu [***...]
Gold:   153        SH:  0    Dex: 17    Spells: 3/3 levels left

rFire   . . .      SeeInvis +   a - +1 hand axe
rCold   . . .      Faith    .   (no shield)
rNeg    . . .      Spirit   .   b - +1 leather armour
rPois   .          Reflect  .   (no helmet)
rElec   .          Harm     .   (no cloak)
rCorr   .          Rampage  .   (no gloves)
Will    .....                   (no barding)
Stlth   +.........              (no amulet)
HPRegen 0.13/turn               k - +4 ring of protection
MPRegen 0.09/turn               m - +6 ring of dexterity

@: no status effects
A: large, rugged brown scales 3, see invisible, deformed body, roll 1, armoured
tail
a: Rolling Charge, Renounce Religion, Depart the Abyss, Bend Space, Banish


You were on level 5 of the Dungeon.
You worshipped Lugonu.
Lugonu was most pleased with you.
You visited 1 branch of the dungeon, and saw 5 of its levels.
You visited the Abyss 1 time.

You collected 153 gold pieces.

Inventory:

Hand Weapons
 a - a +1 hand axe (weapon)
Missiles
 l - 5 curare-tipped darts
Armour
 b - a +1 leather armour (worn)
Jewellery
 k - a +4 ring of protection (left hand)
 m - a +6 ring of dexterity (right hand)
 p - a ring of wizardry
Potions
 d - 3 potions of curing
 e - 3 potions of ambrosia {unknown}
 f - 2 potions of flight {unknown}
 g - 2 potions of lignification {unknown}
 h - 4 potions of brilliance
 i - a potion of cancellation {unknown}
 j - a potion of magic {unknown}
 n - a potion of mutation {unknown}


   Skills:
 + Level 4.5 Fighting
 + Level 3.9 Axes
 - Level 1.5 Armour
 - Level 0.7 Dodging
 - Level 2.0 Invocations


You had 3 spell levels left.
You didn't know any spells.
Your spell library contained the following spells:

 Spells                   Type           Power      Damage    Failure   Level
 Animate Skeleton         Necr           0%         N/A       41%         1
 Pain                     Necr           0%         1d4       41%         1
 Shock                    Conj/Air       0%         1d3       41%         1
 Sting                    Tmut/Pois      0%         1d3       41%         1
 Poisonous Vapours        Pois/Air       0%         N/A       56%         2
 Gell's Gravitas          Tloc           0%         N/A       80%         3
 Lesser Beckoning         Tloc           0%         N/A       80%         3
 Swiftness                Air            0%         N/A       80%         3
 Teleport Other           Tloc           0%         N/A       80%         3
 Vampiric Draining        Necr           0%         2d6       80%         3
 Airstrike                Air            0%         N/A       99%         4
 Olgreb's Toxic Radiance  Pois           0%         N/A       99%         4


Dungeon Overview and Level Annotations

Branches:
Dungeon (5/15)
 Temple: D:4-7

Altars:

Annotations:
D:4 Edmund
D:5 Menkaure


Innate Abilities, Weirdness & Mutations

You are completely covered in rugged brown scales. (AC +3, +7% HP)
You have supernaturally acute eyesight. (SInv)
Armour fits poorly on your strangely shaped body.
You can roll at nearby foes to attack.
You have a long armoured tail.


Message History

You see here a +0 club.
There is a stone staircase leading up here.
Found 5 boomerangs.
You aren't carrying any items that you can evoke.
Unknown command.
There is a stone staircase leading up here.
Menkaure and 3 gnolls come into view.
A gnoll is wielding a +2 spear of venom.
The gnoll shouts! x2; You hear a shout!
Menkaure points at you and mumbles some strange words.
Pain shoots through your body!
You see here a +0 club.
There is a stone staircase leading up here.
Unknown command.
Unknown command.
Unknown command.
Saving game... please wait.
Level annotation: Menkaure Welcome back, oldriver the Palentonga Abyssal Knight.
Lugonu says: Spread carnage and corruption!
Press ? for a list of commands and other information.
There is a stone staircase leading up here.
Found 22 stones.
You roll forward with a clatter of scales!
You hit Menkaure.
Menkaure is lightly damaged.
You hear a shout! x2
Menkaure hits you!!
Ouch! That really hurt!
* * * LOW HITPOINT WARNING * * *
You feel better.
The gnoll hits you from afar with a +0 spear.
* * * LOW HITPOINT WARNING * * *
You feel better. Menkaure hits you but does no damage.
The gnoll hits you but does no damage.
You hit Menkaure.
Menkaure is moderately damaged.
The gnoll hits you but does no damage. Menkaure hits you!!
Ouch! That really hurt!
You die...

#....# .g #....# ...
#....#.g.g #....#gg.
# #....M.
#..#.##..#.# .
........†..# ...
##..###.g######....#
.........M@°.....(..
..#.#.#....#........
...#..###.####...
#?...... (.# .
........##...
#........##.##
......##.##. ..#.
#.##.


You could see Menkaure and a gnoll.

Vanquished Creatures
  A jelly (D:5)
  2 gnolls
  An adder (D:3)
  3 dart slugs
  5 orcs (D:3)
  4 bats
  7 endoplasms
  4 giant cockroaches
  7 goblins
  4 hobgoblins
  6 jackals
  A quokka (D:1)
  5 ball pythons
  2 frilled lizards
  2 kobolds
  2 rats (D:2)
56 creatures vanquished.

Vanquished Creatures (others)
  3 toadstools (D:1)
3 creatures vanquished.

Grand Total: 59 creatures vanquished

Notes
Turn   | Place    | Note
-------+----------+-------------------------------------------
     0 | Abyss:1  | oldriver the Palentonga Abyssal Knight began the quest for
                  | the Orb.
     0 | Abyss:1  | Reached XP level 1. HP: 19/19 MP: 2/2
    72 | Abyss:1  | Noticed a small abomination
    73 | D:1      | Escaped the Abyss
   131 | D:1      | Found a faded altar of an unknown god.
   168 | D:1      | Reached XP level 2. HP: 14/25 MP: 3/3
   645 | D:1      | Reached ** piety under Lugonu
  1222 | D:2      | Reached XP level 3. HP: 31/31 MP: 4/4
  2209 | D:3      | Reached skill level 4 in Fighting
  2225 | D:3      | Reached XP level 4. HP: 38/39 MP: 5/5
  2722 | D:4      | Noticed a phantom
  2723 | D:4      | Noticed Edmund
  2754 | D:5      | Entered Level 5 of the Dungeon
  2755 | D:5      | Reached *** piety under Lugonu
  2768 | D:5      | Noticed Menkaure
  2782 | D:5      | Slain by Menkaure

Illustrated notes

Levels and vault maps discovered:
D:1:      minmay_arrival_wavy_path, layout_loops_ring,
          shapermc_ecumenical_altar_pompeii, minmay_gold_behind_fungi,
          minmay_statues_item
D:2:      layout_basic, roderic_lattice_a
D:3:      layout_basic
D:4:      layout_basic, lemuel_doored_altar, enter_ossuary_5,
          grunt_decor_mini_mirrors, uniq_edmund
D:5:      layout_basic, uniq_menkaure

Skill      XL: |  1  2  3 |
---------------+----------+-----
Axes           | 3 |  3.9
Fighting       | 4 |  4.5
Armour         | |  1.5
Dodging        | |  0.7
Invocations    | |  2.0

Action                   |  1- 3 |  4- 6 || total
-------------------------+-------+-------++-------
Melee: Hand axe          |    92 |    51 ||   143
       Tailslap          |    13 |     6 ||    19
Invok: Depart the Abyss  |     1 |       ||     1
 Abil: Rolling Charge    |    20 |    11 ||    31
  Use: Scroll            |     4 |     3 ||     7
       Potion            |       |     2 ||     2
Armor: Leather armour    |    52 |    24 ||    76
Dodge: Dodged            |    44 |    28 ||    72

Table legend: (Time is in decaauts)
 A = Elapsed time spent in this place.
 B = Non-inter-level travel time spent in this place.
 C = Inter-level travel time spent in this place.
 D = Time resting spent in this place.
 E = Time spent auto-exploring this place.
 F = Levels seen in this place.
 G = Mean time per level.
                   A        B        C        D        E       F      G
               +--------+--------+--------+--------+--------+-----+--------+
         Total |   2800 |   2777 |     23 |    385 |   1986 |   6 |  466.7 |
       Dungeon |   2727 |   2704 |     23 |    385 |   1914 |   5 |  545.4 |
         Abyss |     73 |     73 |      0 |      0 |     72 |   1 |   73.0 |
               +--------+--------+--------+--------+--------+-----+--------+

Top non-repeatable levels by time:
     D:1: 1115 daAuts
     D:2: 857 daAuts
     D:3: 682 daAuts
 Abyss:1: 73 daAuts
     D:4: 42 daAuts
     D:5: 29 daAuts
